 Dungeon Crawl Stone Soup version 0.30-a0-881-g1ff12e1e11 (webtiles) character file.

Game seed: 7374938021701126252

63975 testman the Brawler (level 14, -14/137 HPs)
             Began as a Troll Fighter on Mar 14, 2023.
             Was the Champion of Hepliaklqana.
             Killed by divine providence
             ... invoked by an orc high priest
              (16 damage)
             ... on level 2 of the Orcish Mines.
             The game lasted 01:04:11 (16441 turns).

testman the Brawler (Troll Fighter)                Turns: 16441, Time: 01:04:12

Health: -14/137    AC: 13    Str: 37    XL:     14   Next: 70%
Magic:  17/20      EV:  7    Int:  4    God:    Hepliaklqana [******]
Gold:   2478       SH:  9    Dex:  9    Spells: 13/13 levels left

rFire   + + +      SeeInvis .      - Unarmed
rCold   x x .      Faith    .    b - +1 kite shield
rNeg    . . .      Spirit   .    T - +0 fire dragon scales
rPois   +          Reflect  .    (helmet restricted)
rElec   .          Rampage  .    E - +2 cloak
rCorr   .                        (gloves unavailable)
Will    +....                    (boots unavailable) Stlth
                                 (no amulet)
HPRegen 1.22/turn                G - ring of Jaiblete {Fire rPois Slay+3}
MPRegen 0.17/turn                O - +6 ring of strength

@: no status effects
A: reduced essence, large, unfitting armour, claws 3, regeneration 1, shaggy fur
1, tough skin 1
a: Renounce Religion, Recall Ancestor, Ancestor Identity, Transference, Idealise


You were on level 2 of the Orcish Mines.
You worshipped Hepliaklqana.
Hepliaklqana was exalted by your worship.
You visited 4 branches of the dungeon, and saw 19 of its levels.
You also visited: Ossuary and Bailey.

You collected 2786 gold pieces.
You spent 308 gold pieces at shops.

Inventory:

Missiles
 a - 3 boomerangs of dispersal
 l - 62 poisoned darts
 p - 5 javelins
 r - 3 datura-tipped darts
 B - 11 atropa-tipped darts
 D - 13 boomerangs
 M - 5 silver boomerangs
 R - 2 curare-tipped darts
 X - 34 large rocks (quivered)
Armour
 b - a +1 kite shield (worn)
 E - a +2 cloak (worn)
 J - +1 steam dragon scales
 T - +0 fire dragon scales (worn)
Jewellery
 q - a ring of positive energy
 u - a ring of poison resistance
 v - a ring of protection from cold
 w - an amulet of regeneration
 F - an amulet of magic regeneration
 G - the ring of Jaiblete (left claw) {Fire rPois Slay+3}
   (You found it on level 4 of the Lair of Beasts)

   [ring of fire]

   It enhances your fire magic.
   Slay:      It affects your accuracy & damage with ranged weapons and melee
   (+3).
   rF:        It protects you from fire.
   rC:        It makes you vulnerable to cold.
   rPois:     It protects you from poison.
 O - a +6 ring of strength (right claw)
 S - a ring of willpower
Wands
 I - a wand of flame (55)
 K - a wand of charming (13)
 L - a wand of quicksilver (10)
 N - a wand of mindburst (25)
 P - a wand of polymorph (5)
 W - a wand of digging (7)
Scrolls
 d - 11 scrolls of teleportation
 f - 7 scrolls of fear
 k - 4 scrolls of enchant weapon
 s - 3 scrolls of identify
 t - 4 scrolls of immolation
 x - a scroll of enchant armour
 y - 2 scrolls of magic mapping
 C - a scroll of fog
 H - 2 scrolls of poison
 U - 5 scrolls of silence
Potions
 c - 8 potions of might
 e - 5 potions of haste
 g - 5 potions of flight
 h - a potion of cancellation
 i - 8 potions of ambrosia
 j - 6 potions of resistance
 m - 3 potions of heal wounds
 n - 3 potions of mutation
 o - 2 potions of magic
 z - 13 potions of curing
 A - 7 potions of invisibility
 V - 2 potions of brilliance
 Z - a potion of berserk rage
Miscellaneous
 Q - a condenser vane


   Skills:
 + Level 13.4 Fighting
 + Level 6.4 Throwing
 - Level 2.4 Dodging
 - Level 4.0 Shields
 + Level 15.7 Unarmed Combat
 + Level 4.7 Translocations
 + Level 9.9 Invocations


You had 13 spell levels left.
You didn't know any spells.
Your spell library contained the following spells:

 Spells                   Type           Power      Damage    Failure   Level
 Apportation              Tloc           6%         N/A       38%         1
 Blink                    Tloc           6%         N/A       52%         2
 Lesser Beckoning         Tloc           6%         N/A       52%         2
 Gell's Gravitas          Tloc           3%         N/A       77%         3
 Teleport Other           Tloc           3%         N/A       77%         3
 Momentum Strike          Conj/Tloc      2%         3d8       86%         2
 Sandblast                Erth           0%         2d4       96%         1
 Ensorcelled Hibernation  Hex/Ice        0%         N/A       99%         2
 Passwall                 Tmut/Erth      0%         N/A       99%         2
 Poisonous Vapours        Pois/Air       0%         N/A       99%         2
 Kindle Blastsparks       Fire/Tloc/Air  2%         2d10      99%         3
 Manifold Assault         Tloc           3%         N/A       99%         4
 Ozocubu's Armour         Ice            0%         N/A       100%        3
 Stone Arrow              Conj/Erth      0%         3d7       100%        3
 Fulminant Prism          Conj/Hex       0%         3d5       100%        4
 Iskenderun's Mystic Bla  Conj/Tloc      1%         2d3       100%        4
 Leda's Liquefaction      Hex/Erth       0%         N/A       100%        4
 Petrify                  Tmut/Erth      0%         N/A       100%        4
 Summon Ice Beast         Ice/Summ       0%         N/A       100%        4
 Alistair's Intoxication  Tmut/Pois      0%         N/A       100%        5
 Lee's Rapid Deconstruct  Erth           0%         3d4*      100%        5
 Metabolic Englaciation   Hex/Ice        0%         N/A       100%        5
 Yara's Violent Unravell  Hex/Tmut       0%         3d3       100%        5
 Conjure Ball Lightning   Conj/Air       0%         3x3d6     100%        6
 Dispersal                Tloc           1%         N/A       100%        6
 Simulacrum               Ice/Necr       0%         N/A       100%        6
 Statue Form              Tmut/Erth      0%         N/A       100%        6
 Enfeeble                 Hex            0%         N/A       100%        7
 Ozocubu's Refrigeration  Ice            0%         4d7       100%        7
 Storm Form               Tmut/Air       0%         N/A       100%        7
 Discord                  Hex            0%         N/A       100%        8
 Disjunction              Tloc           1%         N/A       100%        8


Dungeon Overview and Level Annotations

Branches:
Dungeon (11/15)            Temple (1/1) D:5            Lair (5/5) D:8
  Swamp (0/4) Lair:2        Snake (0/4) Lair:2        Slime (0/5) Lair:5
    Orc (2/2) D:11            Elf (0/3) Orc:2       Ossuary (visited)
 Bailey (visited)

Altars:
Ashenzari
Cheibriados
Dithmenos
Elyvilon
Fedhas
Gozag
Hepliaklqana
Kikubaaqudgha
Makhleb
Nemelex Xobeh
Okawaru
Qazlal
Ru
Sif Muna
Trog
Uskayaw
Vehumet
Wu Jian
Xom
Yredelemnul
Zin
The Shining One
Jiyva

Shops:
D:5 ?   D:7 *   Orc:2 !


Innate Abilities, Weirdness & Mutations

Your life essence is reduced to manifest your ancestor. (-10% HP)
You are too large for most types of armour.
You have claws for hands.
Your natural rate of healing is unusually fast.
You are covered in fur. (AC +1)
You have tough skin. (AC +1)


Message History

You eviscerate the orc warrior!!!
You kill the orc warrior!
Cynebald hits the orc priest with a +0 quarterstaff!!!
The orc priest dies!
An orc priest comes into view. It is wielding a +0 hand axe.
The orc priest calls down the wrath of Beogh upon you.
Beogh smites you!
You barely miss the orc priest.
Cynebald hits the orc warrior with a +0 quarterstaff!
You claw the orc priest!
The orc priest is heavily wounded.
The sixfirhy hits you but does no damage.
The sixfirhy hits you. The sixfirhy shocks you! The sixfirhy hits you.
The sixfirhy shocks you!
The orc priest calls down the wrath of Beogh upon you.
Beogh smites you!
* * * LOW HITPOINT WARNING * * *
The orc knight hits Cynebald with a +1 battleaxe!
You block the orc knight's attack.
The orc warrior throws a boomerang of dispersal.
The boomerang of dispersal hits Cynebald!
Cynebald blinks!
An orc priest comes into view. It is wielding a +0 flail.
An orc warlord comes into view. It is wielding a +0 long sword.
Okay, then.
The sixfirhy attacks as you move away! The sixfirhy hits you.
* * * LOW HITPOINT WARNING * * *
The sixfirhy shocks you!
* * * LOW HITPOINT WARNING * * *
The orc knight attacks as you move away!
The orc knight hits you with a +1 battleaxe!
* * * LOW HITPOINT WARNING * * *
The sixfirhy hits you!
* * * LOW HITPOINT WARNING * * *
The sixfirhy shocks you!
* * * LOW HITPOINT WARNING * * *
The orc priest looks braver for a moment.
The orc high priest calls down the wrath of Beogh upon you.
Beogh smites you!
You die...

##.....>.........##.........
###.............#..........
###.........####.........
###.....).# ##.##....#
###....## ####....# ##..##
#.#.## ##...## ###.#
###)....# #.## ###..))@..##
### #....ยง3o...# #
###.o.oo#### # #..)..o.o. #
#..3oooo..# #.o...o..o# #
#.o...R...# # #.........# #
...o.o..... #


You could see the friendly Cynebald the battlemage (idealised), 2 orc knights,
an orc high priest (strong), a sixfirhy (summoned), a ynoxinul (summoned), an
orc sorcerer (strong), 5 orc warriors, 4 orc priests and an orc (strong).

Vanquished Creatures
  A fire dragon (Lair:5)
  2 vault guards (Bailey)
  A centaur warrior (D:10)
  4 two-headed ogres
  2 boulder beetles (Lair:3)
  2 skysharks
  Lodul (D:11)
  4 lindwurms
  A deep elf pyromancer (D:11)
  2 orc sorcerers
  6 cyclopes
  3 manticores
  8 elephants
  4 black mambas
  Maurice (D:11)
  The ghost of cforsyth the Covered, a novice BaFi (D:6)
  3 molten gargoyles (Lair:5)
  2 gargoyles
  10 cane toads
  Maggie (D:7)
  2 rime drakes
  3 kobold demonologists
  9 komodo dragons
  A queen bee (Orc:2)
  4 trolls
  2 polar bears (Lair:2)
  9 blink frogs
  4 dream sheep
  Sigmund (D:3)
  4 wyverns
  2 shadows (D:10)
  3 wraiths
  26 yaks
  A basilisk (D:8)
  3 humans (Bailey)
  5 vampire mosquitoes
  3 steam dragons
  3 acid dragons
  14 water moccasins
  2 hell hounds (Lair:5)
  Duvessa (D:6)
  A sky beast (D:7)
  An ice beast (D:8)
  2 black bears
  11 orc warriors
  10 ogres
  5 centaurs
  5 wolves
  A phantom (D:5)
  Blork the orc (D:5)
  3 kobold brigands
  2 gnoll sergeants
  16 bullfrogs
  A scorpion (D:7)
  7 wights
  26 killer bees
  2 howler monkeys
  2 lava snakes
  3 orc priests
  4 hounds
  A jelly (D:5)
  A gnoll bouda (Orc:1)
  2 sleepcaps (D:6)
  Crazy Yiuf (D:3)
  Terence (D:3)
  4 iguanas
  11 orc wizards
  8 gnolls
  9 adders
  A white imp (D:7)
  An ufetubus (D:6)
  3 worms
  5 dart slugs
  43 orcs
  8 bats
  4 endoplasms
  10 goblins
  9 hobgoblins
  8 jackals
  5 kobolds
  3 quokkas
  4 ball pythons
  10 frilled lizards
  2 hobgoblin skeletons (Ossuary)
  A hobgoblin zombie (Ossuary)
  A kobold zombie (Ossuary)
  An orc skeleton (Ossuary)
  8 rats
429 creatures vanquished.

Vanquished Creatures (collateral kills)
  Snorg (Orc:1)
  Erica (D:11)
  A two-headed ogre (D:8)
  2 hydras
  2 lindwurms
  An orc sorcerer (Orc:2)
  A salamander (Lair:2)
  A cyclops (D:11)
  4 elephants
  A torpor snail (Lair:1)
  4 komodo dragons
  An unseen horror (D:10)
  3 rime drakes
  2 trolls
  A polar bear (Lair:2)
  3 dream sheep (Lair:4)
  Prince Ribbit (Bailey)
  2 wraiths (D:9)
  17 yaks
  A wyvern (Lair:5)
  3 shadows
  2 humans (Bailey)
  A vampire mosquito (D:11)
  A steam dragon (Lair:5)
  5 water moccasins
  An acid dragon (D:10)
  3 orc warriors (Orc:2)
  A hell hound (Lair:5)
  An ice beast (D:5)
  A sky beast (D:8)
  3 ogres
  A centaur (D:10)
  3 kobold brigands
  4 bullfrogs
  A gnoll sergeant (D:8)
  4 wights
  Dowan (D:6)
  4 killer bees
  4 lava snakes
  A hound (D:6)
  A jelly (D:4)
  9 orc priests
  A sleepcap (D:5)
  A gnoll bouda (D:6)
  9 orc wizards
  3 adders
  8 gnolls
  A shadow imp (D:7)
  4 ufetubi
  A worm (D:4)
  33 orcs
  A ball python (D:4)
  An endoplasm (D:4)
  A giant cockroach (D:3)
  2 goblins
  2 hobgoblins
  A jackal (D:4)
  A quokka (D:4)
  4 frilled lizards
  10 kobolds
  2 kobold zombies (Ossuary)
  An orc zombie (Ossuary)
192 creatures vanquished.

Vanquished Creatures (others)
  7 battlemagi
  An orc wizard (Orc:2)
  2 ancestors (D:3)
  15 fungi
  29 plants
54 creatures vanquished.

Grand Total: 675 creatures vanquished

Notes
Turn   | Place    | Note
-------+----------+-------------------------------------------
     0 | D:1      | testman the Troll Fighter began the quest for the Orb.
     0 | D:1      | Reached XP level 1. HP: 22/22 MP: 0/0
    87 | D:1      | Reached XP level 2. HP: 27/29 MP: 1/1
   616 | D:2      | Reached XP level 3. HP: 36/36 MP: 2/2
   680 | D:2      | Found a broken altar of Ashenzari.
   842 | D:2      | Reached skill level 3 in Unarmed Combat
   842 | D:2      | Reached XP level 4. HP: 45/45 MP: 3/3
   898 | D:2      | Identified the +2 war axe "Nunoefop" {venom, rPois Will+}
  1238 | D:3      | Reached XP level 5. HP: 53/53 MP: 4/4
  1335 | D:3      | Found a faded altar of an unknown god.
  1344 | D:3      | Prayed at the altar of an unknown god.
  1344 | D:3      | Became a worshipper of Hepliaklqana the Forgotten
  1344 | D:3      | Reached * piety under Hepliaklqana
  1362 | D:3      | Noticed Terence
  1375 | D:3      | Killed Terence
  1460 | D:3      | Noticed Sigmund
  1495 | D:3      | Killed Sigmund
  1496 | D:3      | Reached skill level 4 in Unarmed Combat
  1496 | D:3      | Reached XP level 6. HP: 23/55 MP: 5/5
  1657 | D:3      | Found a runed translucent door.
  1658 | D:3      | Noticed Crazy Yiuf
  1664 | D:3      | Killed Crazy Yiuf
  2196 | D:4      | Reached ** piety under Hepliaklqana
  2197 | D:4      | Remembered your ancestor Cynebald as a battlemage
  2227 | D:4      | Reached skill level 5 in Unarmed Combat
  2293 | D:4      | Found a stormy altar of Qazlal.
  2304 | D:4      | Reached XP level 7. HP: 47/63 MP: 6/6
  2692 | D:4      | You fall into a shaft and drop 2 floors!
  2830 | D:6      | Reached skill level 5 in Fighting
  2872 | D:6      | Noticed Dowan
  2879 | D:6      | Killed Dowan
  2880 | D:6      | Reached skill level 6 in Unarmed Combat
  2880 | D:6      | Noticed Duvessa
  2885 | D:6      | Killed Duvessa
  2955 | D:6      | Reached XP level 8. HP: 72/72 MP: 7/7
  2975 | D:5      | Entered Level 5 of the Dungeon
  2986 | D:5      | Found a staircase to the Ecumenical Temple.
  2988 | D:5      | Noticed Blork the orc
  2994 | D:5      | Killed Blork the orc
  3046 | Temple   | Entered the Ecumenical Temple
  3278 | D:5      | Found a sacrificial altar of Ru.
  3367 | D:5      | Reached *** piety under Hepliaklqana
  3516 | D:5      | Reached skill level 7 in Unarmed Combat
  3550 | D:5      | Found Ifuifu's Magic Scroll Boutique.
  3557 | D:5      | Bought a scroll of fear for 44 gold pieces
  3557 | D:5      | Bought a scroll of teleportation for 33 gold pieces
  3557 | D:5      | Bought a scroll of identify for 22 gold pieces
  3557 | D:5      | Bought 2 scrolls of magic mapping for 165 gold pieces
  3557 | D:5      | Bought a scroll of amnesia for 44 gold pieces
  3917 | D:6      | Reached skill level 8 in Unarmed Combat
  4251 | D:6      | Reached XP level 9. HP: 76/83 MP: 8/8
  4304 | D:6      | Found a runed translucent door.
  4540 | D:6      | Noticed cforsyth's ghost (novice BaFi)
  4549 | D:6      | Killed cforsyth's ghost
  4642 | D:7      | Reached skill level 9 in Unarmed Combat
  4697 | D:7      | Found a flagged portal.
  4720 | Bailey   | Entered a bailey
  4779 | Bailey   | Reached skill level 10 in Unarmed Combat
  4824 | Bailey   | Noticed Prince Ribbit
  4824 | Bailey   | Noticed a vault guard
  4830 | Bailey   | Killed Prince Ribbit
  4831 | Bailey   | Reached XP level 10. HP: 62/95 MP: 9/9
  4834 | Bailey   | Killed a vault guard
  4912 | Bailey   | Noticed a vault guard
  4922 | Bailey   | Killed a vault guard
  4923 | Bailey   | Reached skill level 11 in Unarmed Combat
  5137 | D:7      | Found Zolabb's Elemental Accessories.
  5164 | D:7      | Noticed a two-headed ogre
  5171 | D:7      | Killed a two-headed ogre
  5174 | D:7      | Found a hazy altar of Hepliaklqana.
  5195 | D:7      | Noticed Maggie
  5200 | D:7      | Killed Maggie
  5215 | D:7      | Reached skill level 10 in Fighting
  5574 | D:8      | Identified the +10 flail "Teuckargh" {freeze, Contam Int+4}
  5608 | D:8      | Reached **** piety under Hepliaklqana
  5690 | D:8      | Found a sand-covered staircase.
  5695 | Ossuary  | Entered an ossuary
  5852 | Ossuary  | Reached skill level 1 in Invocations
  5882 | Ossuary  | Reached XP level 11. HP: 106/106 MP: 10/10
  5989 | D:8      | Reached skill level 12 in Unarmed Combat
  6124 | D:8      | Found a staircase to the Lair.
  6868 | D:9      | Noticed a two-headed ogre
  6905 | D:9      | Noticed a two-headed ogre
  6962 | D:8      | Killed a two-headed ogre
  6977 | D:8      | Killed a two-headed ogre
  7133 | D:9      | Found a blossoming altar of Fedhas.
  7395 | D:10     | Entered Level 10 of the Dungeon
  7426 | D:10     | Found a glowing golden altar of the Shining One.
  7559 | D:10     | Reached skill level 13 in Unarmed Combat
  7618 | D:10     | Reached skill level 5 in Invocations
  7625 | D:10     | Noticed a centaur warrior
  7630 | D:10     | Killed a centaur warrior
  7631 | D:10     | Reached XP level 12. HP: 65/117 MP: 13/15
  7997 | D:10     | Reached ***** piety under Hepliaklqana
  8157 | D:11     | Noticed Erica
  8164 | D:11     | Killed Erica
  8234 | D:11     | Noticed a two-headed ogre
  8237 | D:11     | Killed a two-headed ogre
  8253 | D:11     | Noticed Maurice
  8267 | D:11     | Killed Maurice
  8476 | D:11     | Noticed Lodul
  8490 | D:11     | HP: 1/118 [ogre/+0 giant club[Lodul] (9)]
  8678 | D:11     | Found a staircase to the Orcish Mines.
  8773 | D:11     | Reached skill level 14 in Unarmed Combat
  8825 | D:11     | Killed Lodul
  9073 | D:11     | Noticed a two-headed ogre
  9079 | D:11     | Reached skill level 1 in Throwing
  9079 | D:11     | Killed a two-headed ogre
  9883 | D:3      | Identified a scroll of acquirement
  9883 | D:3      | Acquired 610 gold pieces
  9997 | Lair:1   | Entered Level 1 of the Lair of Beasts
 10020 | Lair:1   | Reached XP level 13. HP: 109/126 MP: 17/17
 11175 | Lair:2   | Reached skill level 1 in Translocations
 11333 | Lair:2   | Found a staircase to the Swamp.
 11499 | Lair:2   | Reached ****** piety under Hepliaklqana
 11676 | Lair:2   | Found a staircase to the Snake Pit.
 12925 | Lair:4   | Reached skill level 15 in Unarmed Combat
 13397 | Lair:4   | Reached XP level 14. HP: 107/135 MP: 19/19
 13601 | Lair:4   | Reached skill level 5 in Throwing
 13826 | Lair:4   | Got Beustre's Reference Book on Galvanic Hoarfrost
 13827 | Lair:4   | Identified the ring of Jaiblete {Fire rPois Slay+3}
 13868 | Lair:5   | Entered Level 5 of the Lair of Beasts
 13949 | Lair:5   | Found a staircase to the Slime Pits.
 13950 | Lair:5   | Found a viscous altar of Jiyva.
 14456 | Lair:5   | Found a large runed translucent door.
 14456 | Lair:5   | Found a large runed translucent door.
 15269 | Orc:1    | Entered Level 1 of the Orcish Mines
 15364 | Orc:1    | Noticed Snorg
 15371 | Orc:1    | Killed Snorg
 15519 | Orc:2    | Entered Level 2 of the Orcish Mines
 15584 | Orc:2    | Paralysed by an orc sorcerer for 5 turns
 15759 | Orc:2    | Found Plog's Distillery.
 16193 | Orc:2    | Found a staircase to the Elven Halls.
 16441 | Orc:2    | Noticed an orc warlord
 16441 | Orc:2    | HP: 2/137 [sixfirhy[an orc high priest] (9)]
 16441 | Orc:2    | Killed from afar by an orc high priest

Illustrated notes

Levels and vault maps discovered:
D:1:      wander_arrival_abandoned_jail, layout_basic
D:2:      layout_basic, minmay_hexomino_r4
D:3:      layout_rooms, ebering_ecumenical_altar_ruins,
          minmay_fractal_squares_gapless_5, uniq_terence,
          uniq_crazy_yiuf_cottage, uniq_sigmund
D:4:      layout_loops_corners, lemuel_tele_altar, wad_rectangle_vault
D:5:      layout_basic, overflow_temple_1_default, minmay_temple_entry_tees,
          serial_shops, shop, kennysheep_generic_room_7, uniq_blork_the_orc
D:6:      layout_basic, ebering_ghost_reflecting_pool, st_stairs_2,
          minmay_lizard_king, uniq_duvessa
D:7:      layout_rooms, nicolae_hepliaklqana_hazy_memory, enter_bailey_2,
          nicolae_elemental_shop, minmay_circle_x, uniq_maggie
D:8:      layout_basic, minmay_lair_entry_grove,
          nicolae_ossuary_entry_false_entrances, nicolae_lava_and_water
D:9:      layout_big_octagon, mainiacjoe_overflow_concentric_impassable
D:10:     layout_basic, tso_oasis_becter, serial_corexii_hall,
          chequers_hall_statues_wall_a, chequers_hall_statues_corner_a,
          nicolae_twisting_strands, minmay_bent
D:11:     nicolae_hexawheel, layout_basic, hiddenorc2_lemuel, nrook_mini_vaults,
          uniq_lodul, uniq_maurice, uniq_erica
Temple:   sentei_temple_godly_chess
Lair:1:   layout_cave_pods, wad_woods_river_01, serial_bayou_shore_b
Lair:2:   layout_long_grid, minmay_swamp_entry_reptiles,
          nicolae_snake_entry_warm_welcome, cheibrodos_lair_lostbears
Lair:3:   layout_chaotic_city, grunt_megastairs_5
Lair:4:   layout_cellular_growth, minmay_lindwurm_lava, grunt_megastairs_3
Lair:5:   cheibrodos_lair_end_hotspot, layout_regular_city, slime_entry_1
Orc:1:    layout_caves, special_room [special_room_bee], uniq_snorg
Orc:2:    st_orc_congregation, layout_diamond_mine, serial_shops, shop

Skill      XL: |  1  2  3  4  5  6  7  8  9 10 11 12 13 14 |
---------------+-------------------------------------------+-----
Shields        | 3 4 |  4.0
Fighting       | 3 4 5 7 8 10 11 12 13 | 13.4
Unarmed Combat | 3 4 5 6 8 10 11 13 14 15 | 15.7
Invocations    | 1 5 7 9 |  9.9
Throwing       | 2 4 6 |  6.4
Translocations | 3 4 |  4.7
Dodging        | |  2.4

Action                     |  1- 3 |  4- 6 |  7- 9 | 10-12 | 13-15 || total
---------------------------+-------+-------+-------+-------+-------++-------
  Melee: Unarmed           |   107 |   141 |   170 |   431 |   491 ||  1340
  Throw: Dart              |       |     2 |     1 |     3 |     1 ||     7
         Large rock        |       |       |       |       |    10 ||    10
 Invoke: Ancestor Life: Ba |       |     1 |       |       |       ||     1
         Recall Ancestor   |       |       |     3 |     1 |       ||     4
         Idealise          |       |       |       |     1 |     2 ||     3
    Use: Scroll            |       |       |     9 |    18 |     3 ||    30
         Potion            |       |       |       |     2 |     2 ||     4
   Stab: Sleeping          |       |     1 |       |       |       ||     1
         Distracted        |       |       |     2 |     4 |     8 ||    14
 Armour: Robe              |    44 |    36 |    38 |    14 |       ||   132
         Steam dragon scal |       |       |       |   154 |   154 ||   308
         Fire dragon scale |       |       |       |       |    91 ||    91
  Dodge: Dodged            |    33 |    38 |    50 |   152 |   161 ||   434
  Block: Kite shield       |    49 |    49 |    48 |   161 |   225 ||   532

Table legend: (Time is in decaauts)
 A = Elapsed time spent in this place.
 B = Non-inter-level travel time spent in this place.
 C = Inter-level travel time spent in this place.
 D = Time resting spent in this place.
 E = Time spent auto-exploring this place.
 F = Levels seen in this place.
 G = Mean time per level.
                   A        B        C        D        E       F      G
               +--------+--------+--------+--------+--------+-----+--------+
         Total |  16362 |  15144 |   1218 |    351 |  11600 |  21 |  779.1 |
       Dungeon |   9468 |   8566 |    902 |    157 |   6484 |  11 |  860.7 |
        Temple |      7 |      4 |      3 |      0 |      2 |   1 |    7.0 |
          Lair |   5154 |   4867 |    287 |     63 |   3961 |   5 | 1030.8 |
  Orcish Mines |   1157 |   1132 |     25 |    131 |    779 |   2 |  578.5 |
       Ossuary |    255 |    255 |      0 |      0 |    150 |   1 |  255.0 |
        Bailey |    318 |    318 |      0 |      0 |    224 |   1 |  318.0 |
               +--------+--------+--------+--------+--------+-----+--------+

Top non-repeatable levels by time:
    D:11: 1565 daAuts
  Lair:5: 1241 daAuts
  Lair:1: 1107 daAuts
     D:6: 1083 daAuts
  Lair:4: 1026 daAuts
     D:8: 1005 daAuts
     D:4: 976 daAuts
  Lair:3: 955 daAuts
  Lair:2: 823 daAuts
     D:3: 799 daAuts
    D:10: 780 daAuts
     D:5: 744 daAuts
     D:7: 728 daAuts
   Orc:2: 691 daAuts
     D:2: 618 daAuts
